 Dungeon Crawl Stone Soup version 0.31-a0-278-g485e682e34 (webtiles) character file.

Game seed: 3849833215458124928

1715 AdnanSaban the Basher (level 9, -3/82 HPs)
             Began as a Gargoyle Fighter on July 15, 2023.
             Was a Believer of Trog.
             Slain by an ogre
             ... wielding a +0 giant club
              (13 damage)
             ... on level 6 of the Dungeon.
             The game lasted 00:09:41 (5129 turns).

AdnanSaban the Basher (Gargoyle Fighter)            Turns: 5129, Time: 00:09:42

Health: -3/82      AC: 29    Str: 23    XL:     9   Next: 4%
Magic:  9/9        EV:  6    Int: 10    God:    Trog [**....]
Gold:   251        SH:  4    Dex:  9    Spells: 8/8 levels left

rFire   . . .        n - +2 mace (protect)
rCold   . . .        c - +0 buckler
rNeg    + . .        l - +0 plate armour
rPois   ∞            o - +0 helmet
rElec   +            (no cloak)
rCorr   .            f - +0 pair of gloves
SInv    +            i - +0 pair of boots
Will    .....        (no amulet) Stlth
                     e - ring of see invisible
HPRegen 0.33/turn    (no ring)
MPRegen 0.11/turn

%: no passive effects
@: berserking, under a protective aura, very quick
A: sickness immunity, AC +6, negative energy resistance 1, electricity
resistance, torment resistance 1, petrification resistance
a: Renounce Religion, Berserk, Trog's Hand


You were on level 6 of the Dungeon.
You worshipped Trog.
Trog was pleased with you.
You visited 1 branch of the dungeon, and saw 6 of its levels.

You collected 251 gold pieces.

Inventory:

Hand Weapons
 n - a +2 mace of protection (weapon)
Missiles
 u - a throwing net
Armour
 c - a +0 buckler (worn)
 f - a +0 pair of gloves (worn)
 i - a +0 pair of boots (worn)
 l - a +0 plate armour (worn)
 o - a +0 helmet (worn)
Jewellery
 e - a ring of see invisible (left hand)
Talismans
 x - a maw talisman
Wands
 a - a wand of polymorph (1)
 m - a wand of quicksilver (7)
 v - a wand of roots (16)
Scrolls
 g - a scroll of revelation {unknown}
 h - 3 scrolls of immolation {unknown}
 k - 3 scrolls of fog {unknown}
 q - 4 scrolls of noise {unknown}
 r - 8 scrolls of identify {unknown}
 y - a scroll of amnesia {unknown}
Potions
 b - 2 potions of degeneration {unknown}
 d - a potion of might
 j - a potion of enlightenment {unknown}
 p - 3 potions of attraction {unknown}
 s - 3 potions of heal wounds {unknown}
 t - 2 potions of curing {unknown}
 w - a potion of brilliance {unknown}


   Skills:
 + Level 5.7 Fighting
 + Level 8.7 Maces & Flails
 + Level 6.0 Armour
 + Level 0.3 Dodging
 + Level 0.1 Stealth
 + Level 5.2 Shields


You had 8 spell levels left.
You didn't know any spells.
Your spell library contained the following spells:

 Spells                   Type           Power      Damage    Failure   Level
 Gell's Gravitas          Tloc           0%         N/A       100%        3
 Teleport Other           Tloc           0%         N/A       100%        3
 Dispersal                Tloc           0%         N/A       100%        6


Dungeon Overview and Level Annotations

Branches:
Dungeon (6/15)             Temple (0/1) D:6

Altars:
Sif Muna
Trog
Vehumet

Annotations:
D:4 Blork the orc


Innate Abilities, Weirdness & Mutations

You are immune to sickness and miasma.
Your stone body is resilient. (AC +6)
You are immune to poison.
You resist negative energy. (rN+)
You are resistant to electric shocks. (rElec)
You are resistant to unholy torment.
You are immune to petrification.


Message History

You sock the orc warrior!
The orc warrior is moderately wounded.
The orc hits you from afar with a +0 trident.
The orc warrior hits you but does no damage.
The jelly hits you but does no damage. The ogre hits you with a +0 giant club!
You are too injured to fight recklessly!
You are too injured to fight recklessly!
You are too injured to fight recklessly!
You are too injured to fight recklessly!
You are too injured to fight recklessly!
You are too injured to fight recklessly!
You are too injured to fight recklessly!
You are too injured to fight recklessly!
You are too injured to fight recklessly!
You are too injured to fight recklessly!
You are too injured to fight recklessly!
You are too injured to fight recklessly!
You are too injured to fight recklessly!
You are too injured to fight recklessly!
You thump the ogre!
The ogre is heavily wounded.
You block the orc's attack.
The orc warrior hits you but does no damage.
The jelly hits you but does no damage.
You sock the ogre!
The ogre is severely wounded.
The orc hits you but does no damage. You block the orc warrior's attack.
The jelly hits you but does no damage. The ogre hits you with a +0 giant club!
* * * LOW HITPOINT WARNING * * *
The ogre attacks as you move away! The ogre hits you but does no damage.
Things that are here:
a +0 club; a +0 leather armour A red film seems to cover your vision as you go berserk!
You feel yourself moving faster!
You feel mighty! You block the orc's attack. The jelly barely misses you.
You barely miss the ogre.
The ogre is severely wounded.
The orc hits you but does no damage. The jelly hits you but does no damage.
The ogre hits you with a +0 giant club!
You die...

#......###......##
#..#......##....##
#..#......#.......
#................#
##..........##.#..
##.......#.#....# #
##.......#....... #..
##........##......
.....###@........##......
.......JO##......##......
..♣...oo......#####......
..!......####..< ........
.....##### ######......
#...# #...... #...
#...... #.. #...... #.
#......


You could see an orc warrior, an ogre, a jelly and an orc.

Vanquished Creatures
  2 water moccasins
  Duvessa (D:4)
  An ice beast (D:5)
  A black bear (D:4)
  An ogre (D:4)
  2 centaurs
  A phantom (D:5)
  3 scorpions
  Dowan (D:4)
  2 centaur zombies (D:5)
  3 orc priests
  A hound (D:4)
  3 jellies
  A bullfrog skeleton (D:5)
  Natasha (thrice) (D:3)
  2 orc wizards
  Robin (D:2)
  6 gnolls
  4 adders
  A white imp (D:5)
  2 ufetubi
  A worm (D:4)
  The ghost of British0li the Sneak, a weakling DsDe (D:5)
  3 dart slugs
  13 orcs
  5 ball pythons
  2 bats (D:1)
  11 endoplasms
  2 giant cockroaches
  10 goblins
  11 hobgoblins
  3 jackals (D:1)
  17 kobolds
  4 quokkas
  3 frilled lizards
  3 rats (D:3)
131 creatures vanquished.

Vanquished Creatures (others)
  An orc (D:6)
1 creature vanquished.

Grand Total: 132 creatures vanquished

Notes
Turn   | Place    | Note
-------+----------+-------------------------------------------
     0 | D:1      | AdnanSaban the Gargoyle Fighter began the quest for the
                  | Orb.
     0 | D:1      | Reached XP level 1. HP: 14/14 MP: 1/1
   160 | D:1      | Reached XP level 2. HP: 19/19 MP: 2/2
   404 | D:1      | Reached XP level 3. HP: 23/23 MP: 3/3
   425 | D:1      | Found a faded altar of an unknown god.
   901 | D:2      | Noticed Robin
   926 | D:2      | Killed Robin
   927 | D:2      | Reached skill level 3 in Maces & Flails
   927 | D:2      | Reached XP level 4. HP: 22/29 MP: 4/4
  1476 | D:3      | Found a radiant altar of Vehumet.
  1865 | D:3      | Reached XP level 5. HP: 10/33 MP: 5/5
  2163 | D:3      | Found a bloodstained altar of Trog.
  2276 | D:3      | Became a worshipper of Trog the Wrathful
  2361 | D:3      | Noticed Natasha
  2369 | D:3      | Killed Natasha
  2455 | D:3      | Noticed Natasha
  2462 | D:3      | Killed Natasha
  2463 | D:3      | Reached skill level 4 in Maces & Flails
  2477 | D:3      | Noticed Natasha
  2482 | D:3      | Killed Natasha
  2714 | D:4      | Reached XP level 6. HP: 38/38 MP: 6/6
  2883 | D:4      | Reached skill level 5 in Maces & Flails
  2929 | D:4      | Reached * piety under Trog
  2978 | D:4      | Noticed a black bear
  3004 | D:4      | Killed a black bear
  3005 | D:4      | Reached XP level 7. HP: 21/43 MP: 7/7
  3020 | D:4      | Reached skill level 6 in Maces & Flails
  3222 | D:4      | Noticed Blork the orc
  3225 | D:4      | Noticed Duvessa
  3226 | D:4      | Noticed Dowan
  3247 | D:4      | Killed Duvessa
  3248 | D:4      | Reached skill level 5 in Armour
  3255 | D:4      | Killed Dowan
  3283 | D:4      | Found a shimmering blue altar of Sif Muna.
  3482 | D:5      | Entered Level 5 of the Dungeon
  3588 | D:5      | Reached XP level 8. HP: 14/48 MP: 8/8
  3720 | D:5      | Reached skill level 7 in Maces & Flails
  3847 | D:5      | Reached skill level 5 in Fighting
  3992 | D:5      | Found a runed translucent gate.
  3992 | D:5      | Found a runed translucent gate.
  3992 | D:5      | Found a runed translucent gate.
  4045 | D:5      | Reached skill level 5 in Shields
  4738 | D:5      | Noticed British0li's ghost (weakling DsDe)
  4754 | D:5      | Reached skill level 8 in Maces & Flails
  4756 | D:5      | Killed British0li's ghost
  4830 | D:6      | Reached ** piety under Trog
  4978 | D:6      | Found a staircase to the Ecumenical Temple.
  5034 | D:6      | Reached XP level 9. HP: 55/55 MP: 9/9
  5129 | D:6      | Slain by an ogre

Illustrated notes

Levels and vault maps discovered:
D:1:      zaba_arrival_water, layout_rooms,
          shapermc_ecumenical_altar_mp_urbaneastern
D:2:      layout_basic, roderic_lattice_a, uniq_robin
D:3:      cheibrodos_fertilizer, layout_basic, bloody_trog, fiery_altar_vehumet,
          eino_tiny_chamber, amcnicky_mini_rare_corridor_liquid, uniq_natasha
D:4:      layout_rooms, tgw_sif, uniq_duvessa
D:5:      layout_basic, gammafunk_ghost_necromancy, grunt_ministairs_13,
          minmay_misc_feat_square
D:6:      lemuel_ratsnest, layout_rooms, minmay_temple_entry_slanted,
          grunt_ministairs_6

Skill      XL: |  1  2  3  4  5  6  7  8  9 |
---------------+----------------------------+-----
Maces & Flails | 3 4 5 6 8 |  8.7
Armour         | 4 5 6 |  6.0
Shields        | 4 5 |  5.2
Fighting       | 4 5 |  5.7
Dodging        | |  0.3
Stealth        | |  0.1

Action                     |  1- 3 |  4- 6 |  7- 9 || total
---------------------------+-------+-------+-------++-------
  Melee: Flail             |   151 |     9 |       ||   160
         Mace              |       |   174 |   209 ||   383
 Invoke: Berserk           |       |       |     2 ||     2
 Armour: Scale mail        |    75 |       |       ||    75
         Plate armour      |    61 |   180 |   241 ||   482
  Dodge: Dodged            |    75 |    82 |    72 ||   229
  Block: Buckler           |    51 |    51 |    59 ||   161

Table legend: (Time is in decaauts)
 A = Elapsed time spent in this place.
 B = Non-inter-level travel time spent in this place.
 C = Inter-level travel time spent in this place.
 D = Time resting spent in this place.
 E = Time spent auto-exploring this place.
 F = Levels seen in this place.
 G = Mean time per level.
                   A        B        C        D        E       F      G
               +--------+--------+--------+--------+--------+-----+--------+
         Total |   5245 |   4958 |    287 |    193 |   3647 |   6 |  874.2 |
       Dungeon |   5245 |   4958 |    287 |    193 |   3647 |   6 |  874.2 |
               +--------+--------+--------+--------+--------+-----+--------+

Top non-repeatable levels by time:
     D:5: 1361 daAuts
     D:3: 1213 daAuts
     D:4: 835 daAuts
     D:1: 771 daAuts
     D:2: 759 daAuts
     D:6: 304 daAuts
